AoeStats
← 化劲省二

MegaRandom

507044200Analyzed
4v4 RM · 17d ago on Sep 16, 2026· 63m 51s· 8 players
Game mode
Random Map
Map size
Large (8 player)
Population
200
Speed
Normal
Resources
Standard
Victory
Conquest
Starting age
Dark Age
Ending age
Imperial Age
RankedLock teamsTeams togetherTeam positionsShared explorationLock speedFull tech treeHidden civsTurbo modeCheats
Victory
Defeat
🇨🇳 Vietnamese · China
1155
+9
🇨🇳 Dravidians · China
1068
+12
1052
+13
🇭🇰 Muisca · Hong Kong SAR China
858
+20
🇦🇷 Magyars · Argentina
999
-14
🇮🇳 Burgundians · India
989
-14
🇨🇳 Cumans · China
986
-14
🇺🇸 Vikings · United States
951
-12
BuDrakexn
12:04 Feudal Age
16:48 Castle Age
15:22 Double-Bit Axe
16:07 Forging
20:17 Man-at-Arms
21:28 Long Swordsman
23:41 Scale Mail Armor
24:05 Squires
25:54 Elite Skirmisher
29:27 Iron Casting
29:09 Bow Saw
28:43 Horse Collar
30:04 Chain Mail Armor
30:10 Heavy Plow
34:29 Imperial Age
31:46 Loom
32:11 Fletching
36:06 Two-Handed Swordsman
36:08 Pikeman
37:55 Blast Furnace
37:25 Plate Mail Armor
36:58 Bodkin Arrow
37:37 Crop Rotation
38:10 Two-Man Saw
37:06 Gold Mining
37:14 Champion
38:20 Chieftains
40:17 Elite Berserk
43:13 Hoardings
42:45 Bracer
43:05 Caravan
43:39 Murder Holes
44:41 Ballistics
45:22 Chemistry
51:17 Padded Archer Armor
Master Noob
1:08 Loom
11:56 Feudal Age
13:21 Double-Bit Axe
15:47 Castle Age
13:31 Horse Collar
14:40 Stone Mining
15:37 Gold Mining
17:04 Bow Saw
18:19 Heavy Plow
19:04 Corvinian Army
19:19 Scale Barding Armor
20:10 Wheelbarrow
24:26 Chain Barding Armor
28:57 Hand Cart
28:28 Town Watch
31:51 Gold Shaft Mining
34:36 Imperial Age
34:26 Bloodlines
34:17 Husbandry
35:07 Cavalier
36:36 Crop Rotation
39:31 Plate Barding Armor
39:31 Paladin
41:07 Paladin
43:38 Padded Archer Armor
43:29 Fletching
43:59 Elite Skirmisher
44:48 Bodkin Arrow
45:08 Leather Archer Armor
47:18 Bracer
51:17 Ring Archer Armor
53:27 Chemistry
55:28 Ballistics
55:20 Masonry
56:06 Siege Engineers
56:13 Masonry
64:06 Two-Man Saw
62:52 Treadmill Crane
vinsin4105
0:33 Loom
11:43 Feudal Age
13:57 Man-at-Arms
19:02 Castle Age
17:39 Forging
23:06 Horse Collar
23:20 Double-Bit Axe
25:34 Wheelbarrow
25:45 Wheelbarrow
26:33 Fletching
31:57 Imperial Age
31:00 Town Watch
33:12 Scale Barding Armor
33:28 Bow Saw
34:14 Hand Cart
36:36 Town Patrol
37:03 Elite Coustillier
38:05 Conscription
42:25 Iron Casting
42:11 Chain Barding Armor
41:47 Bodkin Arrow
45:17 Hoardings
44:53 Burgundian Vineyards
44:20 Flemish Revolution
47:15 Ballistics
49:32 Murder Holes
49:52 Masonry
50:09 Bracer
51:09 Pikeman
51:49 Squires
54:35 Blast Furnace
54:36 Plate Barding Armor
57:59 Elite Skirmisher
59:57 Padded Archer Armor
60:44 Halberdier
圖表大師
5:26 Loom
10:57 Feudal Age
16:18 Horse Collar
22:21 Castle Age
20:16 Town Watch
21:04 Stone Mining
21:46 Double-Bit Axe
22:57 Wheelbarrow
28:37 Bow Saw
30:13 Fletching
30:40 Murder Holes
31:39 Coinage
33:35 Gold Mining
33:50 Heavy Plow
36:49 Imperial Age
35:03 Hand Cart
35:27 Bloodlines
36:38 Scale Barding Armor
36:43 Forging
37:57 Gold Shaft Mining
37:57 Conscription
38:10 Chain Barding Armor
37:17 Cavalier
38:27 Capped Ram
40:35 Bodkin Arrow
41:12 Steppe Husbandry
41:19 Steppe Husbandry
42:21 Iron Casting
42:37 Scale Mail Armor
43:36 Plate Barding Armor
43:05 Scale Mail Armor
43:41 Iron Casting
43:10 Padded Archer Armor
44:03 Town Patrol
44:35 Ballistics
45:15 Chemistry
44:38 Leather Archer Armor
44:41 Hand Cart
45:30 Two-Man Saw
46:46 Hoardings
46:27 Masonry
46:33 Elite Skirmisher
47:47 Ring Archer Armor
47:25 Cuman Mercenaries
50:05 Banking
49:05 Pikeman
49:45 Squires
49:31 Arson
50:47 Elite Kipchak
56:01 Halberdier
57:00 Scale Mail Armor
57:36 Iron Casting
60:28 Chain Mail Armor
61:13 Blast Furnace
我怕你审判长?
10:28 Feudal Age
14:05 Castle Age
12:16 Double-Bit Axe
15:38 Bow Saw
18:06 Fishing Lines
19:04 Gillnets
22:34 Wheelbarrow
23:30 Caravan
26:49 Gold Mining
26:51 Stone Mining
27:04 Loom
30:58 Imperial Age
28:30 Fletching
28:46 Scale Barding Armor
28:51 Forging
30:51 Gold Shaft Mining
30:52 Stone Shaft Mining
31:36 Hand Cart
31:07 Town Watch
31:57 Chain Barding Armor
32:12 Iron Casting
33:04 Coinage
33:16 Town Patrol
33:40 Ballistics
33:25 Siege Engineers
34:21 Chemistry
33:29 Siege Engineers
33:45 Ballistics
34:58 Two-Man Saw
34:45 Plate Barding Armor
36:37 Blast Furnace
35:05 Heavy Camel Rider
35:45 Husbandry
37:01 Banking
36:57 Bloodlines
38:36 Imperial Camel Rider
39:47 Bodkin Arrow
40:12 Padded Archer Armor
43:00 Onager
58:55 Spies/Treason
从不压堡之人
11:09 Feudal Age
14:51 Castle Age
13:00 Double-Bit Axe
12:57 Fishing Lines
14:40 Wheelbarrow
15:45 Bow Saw
16:15 Loom
18:19 Town Watch
19:42 Town Patrol
20:51 Hand Cart
21:17 Horse Collar
21:39 Gillnets
25:22 Heavy Plow
26:24 Fletching
26:51 Murder Holes
27:15 Bodkin Arrow
27:42 Ballistics
29:22 Caravan
33:30 Imperial Age
31:42 Medical Corps
31:39 Padded Archer Armor
32:13 Thumb Ring
32:08 Gold Mining
32:09 Stone Mining
33:27 Leather Archer Armor
33:33 Elite Elephant Archer
34:29 Guilds
34:21 Bracer
35:28 Chemistry
34:26 Arrowslits
34:31 Guard Tower
35:49 Two-Man Saw
36:00 Ring Archer Armor
36:01 Conscription
35:41 Elite Cannon Galleon
36:56 Scale Mail Armor
37:06 Forging
39:28 Bombard Tower
39:19 Fortified Wall
39:19 Masonry
39:44 Keep
40:46 Chain Mail Armor
41:06 Iron Casting
40:16 Elite Urumi Swordsman
41:23 Wootz Steel
41:11 Squires
40:57 Arson
41:48 Clinker Construction
42:37 Plate Mail Armor
45:28 Blast Furnace
48:00 Carvel Hull
48:02 Shipwright
52:04 Heavy Scorpion
52:57 Siege Elephant
63:01 Scale Barding Armor
65:05 Hoardings
夜清尘
11:12 Feudal Age
14:54 Castle Age
13:00 Double-Bit Axe
12:58 Horse Collar
14:43 Loom
15:34 Wheelbarrow
15:51 Bow Saw
26:25 Heavy Plow
26:24 Gold Mining
26:33 Town Watch
27:33 Stone Mining
28:20 Gold Shaft Mining
28:08 Treadmill Crane
28:49 Ballistics
32:13 Imperial Age
30:01 Hand Cart
29:46 Town Patrol
33:43 Coinage
33:42 Fletching
33:53 Padded Archer Armor
34:04 Forging
33:54 Scale Mail Armor
35:08 Murder Holes
36:34 Conscription
36:15 Herbalism
36:26 Huaracas
37:56 Squires
37:17 Champi Runner
37:18 Elite Temple Guard
38:26 Thumb Ring
37:50 Champi Warrior
39:01 Leather Archer Armor
38:41 Bodkin Arrow
39:23 Iron Casting
39:03 Chain Mail Armor
40:36 Chemistry
40:53 Elite Champi Warrior
41:49 Bracer
43:53 Masonry
43:49 Siege Engineers
45:08 Crossbowman
46:21 Plate Mail Armor
46:47 Arbalester
59:05 Hoardings
57:53 Elite Guecha Warrior
58:14 Elite Skirmisher
化劲省二
8:33 Loom
10:36 Loom
12:21 Feudal Age
14:27 Wheelbarrow
13:35 Fishing Lines
14:23 Double-Bit Axe
17:40 Castle Age
16:35 Gold Mining
17:14 Scale Mail Armor
18:11 Forging
18:35 Bow Saw
19:21 Squires
19:29 Town Watch
20:08 Medium Warships
19:49 Gillnets
21:49 Arson
22:10 Stone Mining
22:28 Man-at-Arms
25:56 Clinker Construction
26:27 Treadmill Crane
33:49 Imperial Age
31:13 Long Swordsman
32:17 Pikeman
33:28 Ballistics
35:12 Caravan
35:30 Fletching
36:59 Horse Collar
37:43 Scale Barding Armor
37:57 Chain Mail Armor
38:41 Padded Archer Armor
39:39 Guilds
40:24 Thumb Ring
39:41 Elite Skirmisher
42:02 Hand Cart
41:53 Husbandry
43:31 Stone Shaft Mining
43:06 Light Cavalry
43:59 Bloodlines
44:04 Heavy Plow
45:27 Paper Money
45:54 Scale Barding Armor
46:36 Crop Rotation
47:02 Two-Handed Swordsman
48:24 Chain Barding Armor
48:16 Chatras
50:04 Two-Man Saw
50:59 Plate Barding Armor
51:22 Iron Casting
52:33 Chemistry
51:58 Bodkin Arrow
52:28 Halberdier
54:08 Elite Battle Elephant
55:12 Bracer
55:43 Plate Mail Armor
55:39 Town Patrol
56:40 Carvel Hull
59:49 Leather Archer Armor
61:26 Siege Engineers
Connection lost

Rejoining the realm…

Still unreachable

The connection could not be restored.

Session expired

The server has moved on; the page needs a fresh start.